 Dungeon Crawl Stone Soup version 0.18-a0-943-g2c08dd4 (webtiles) character file.

26450 Duffy the Grappler (level 12, 0/122 HPs)
             Began as a Troll Fighter on Dec 28, 2015.
             Was the Champion of Makhleb.
             Succumbed to a spiny frog's poison
             ... on level 5 of the Lair of Beasts.
             The game lasted 00:23:18 (14135 turns).

Duffy the Grappler (Troll Fighter)                 Turns: 14135, Time: 00:23:18

Health: 0/122      AC: 10    Str: 27    XL:     12   Next: 98%
Magic:  1/17       EV: 16    Int:  5    God:    Makhleb [******]
Gold:   350        SH:  9    Dex: 12    Spells: 0 memorised, 11 levels left

rFire  + . .     SeeInvis .       - Unarmed
rCold  + . .     Gourm    +     o - +1 robe {rF+}
rNeg   . . .     Faith    .     b - +0 shield
rPois  .         Spirit   +     z - +1 hat {Spirit}
rElec  +         Dismiss  .     O - +2 cloak of Starlight {rElec rC+ EV+4 Stlth--}
rCorr  .         Reflect  .     (gloves unavailable)
SustAt .         Harm     .     (boots unavailable)
MR     +....                    v - amulet of rage
Stlth  ..........               A - ring of invisibility
                                y - ring of protection from magic

@: lethally poisoned (0 -> -7), somewhat resistant to hostile enchantments,
extremely unstealthy
A: unfitting armour, claws 3, fast metabolism 3, gourmand, regeneration 2,
shaggy fur 1, tough skin 2
a: Minor Destruction, Lesser Servant of Makhleb, Major Destruction, Greater
Servant of Makhleb, Renounce Religion, Evoke Berserk Rage, Evoke Invisibility


You were on level 5 of the Lair of Beasts.
You worshipped Makhleb.
Makhleb was exalted by your worship.
You were completely stuffed.

You visited 3 branches of the dungeon, and saw 16 of its levels.
You also visited: Volcano.

You collected 944 gold pieces.
You spent 594 gold pieces at shops.


Innate Abilities, Weirdness & Mutations

You are too large for most types of armour.
You have claws for hands.
Your metabolism is lightning-fast.
You like to eat raw meat.
You heal very quickly.
You are covered in fur (AC +1).
You have very tough skin (AC +2).


   Skills:
 + Level 8.6 Fighting
 + Level 9.6 Dodging
 - Level 2.4 Shields
 + Level 12.4 Unarmed Combat
 - Level 8.5 Evocations


You had 11 spell levels left.
You didn't know any spells.

Inventory:

Hand Weapons
 a - a +0 blowgun
Missiles
 g - 143 poisoned needles
 B - 15 tomahawks (quivered)
 C - 20 javelins
 J - 3 javelins of returning
 T - 13 curare-tipped needles
Armour
 b - a +0 shield (worn)
 o - a +1 robe of fire resistance (worn)
 z - a +1 hat of spirit shield (worn)
 E - a +0 ice dragon armour
 O - the +2 cloak of Starlight (worn) {rElec rC+ EV+4 Stlth--}

   It affects your evasion (+4).
   It protects you from cold.
   It insulates you from electricity.
   It makes you much less stealthy.
 R - a troll hide
Jewellery
 q - an uncursed amulet of regeneration
 v - an amulet of rage (around neck)
 y - a ring of protection from magic (left claw)
 A - a ring of invisibility (right claw)
Wands
 F - a wand of paralysis (3/24)
 L - a wand of fireball (2/15)
 M - a wand of polymorph (9/24)
 N - a wand of draining (2/15)
 P - a wand of draining (10/15)
 Y - a wand of lightning (6/15)
Scrolls
 p - 3 scrolls of immolation
 r - 6 scrolls of remove curse
 s - 6 scrolls of recharging
 t - 2 scrolls of magic mapping
 u - 3 scrolls of fear
 x - 2 scrolls of enchant armour
 I - 3 scrolls of teleportation
 Q - 2 scrolls of vulnerability
 X - a scroll of silence
Potions
 c - 5 potions of might
 e - 8 potions of curing
 i - 3 potions of heal wounds
 k - 3 potions of invisibility
 m - 4 potions of haste
 n - 4 potions of magic
 w - 3 potions of ambrosia
 D - a potion of poison {unknown}
 S - a potion of brilliance {unknown}
 U - 2 potions of agility
 W - a potion of resistance {unknown}
Comestibles
 h - 7 slices of pizza
 j - 6 bread rations
 l - 19 fruits
 H - 2 beef jerkies
 K - a royal jelly
 V - 9 meat rations
 Z - 3 chunks of flesh

Dungeon Overview and Level Annotations

Branches:
Dungeon (10/15)            Temple (1/1) D:6            Lair (5/8) D:8
    Orc (0/2) D:9
  Swamp: Lair:3-6    Shoals: Lair:3-6     Snake: Lair:3-6    Spider: Lair:3-6

Altars:
Ashenzari
Cheibriados
Dithmenos
Elyvilon
Fedhas
Gozag
Kikubaaqudgha
Makhleb
Nemelex Xobeh
Okawaru
Pakellas
Qazlal
Ru
Sif Muna
Trog
Vehumet
Xom
Yredelemnul
Zin
The Shining One

Shops:
D:3 *   D:9 [


Message History

You are too injured to fight recklessly!
You are too injured to fight recklessly!
You are too injured to fight recklessly!
You barely miss the spiny frog.
The spiny frog is almost dead.
You feel very sick. You block the wolf's attack. x2
The wolf barely misses you. The wolf closely misses you.
The spiny frog barely misses you. The wolf bites you! The wolf bites you.
You claw the spiny frog!
You kill the spiny frog!
Makhleb accepts your kill.
You feel better.
You feel sick. The wolf bites you. You block the wolf's attack.
The wolf barely misses you. The wolf bites you but does no damage.
The wolf bites you. The wolf misses you.
You feel very sick. The wolf bites you but does no damage. The wolf bites you.
The wolf barely misses you. x2
You feel sick. The wolf bites you!
A seven-headed hydra comes into view.
You feel very sick.
The seven-headed hydra roars!
The wolf barely misses you.
The seven-headed hydra moves out of view.
You feel sick. The wolf bites you but does no damage.
You block the wolf's attack.
A crocodile comes into view.
You feel sick. You block the wolf's attack. You block the wolf's attack.
You feel sick. The wolf closely misses you.
You block the seven-headed hydra's attack. x2
The seven-headed hydra bites you!
The seven-headed hydra closely misses you. x2
The seven-headed hydra bites you!
The seven-headed hydra bites you but does no damage.
You die...

. #.........................
..#.#.......P.................#
..............................#
..................(............
...............................
#..............................
#...........h.........>........
...........hhh.###.##..........
..........##h.@...#..##.....###
.....#...##.D..#.............##
............t.P.......#....#..
...#....#............#.....#.
....................P....##.
.#P.#P.#....#.#.##.......#.
#.##.P...#.#......#.....#
......................
.............


You could see a seven-headed hydra, a crocodile and 5 wolves.

Action                   |  1- 3 |  4- 6 |  7- 9 | 10-12 || total
-------------------------+-------+-------+-------+-------++-------
Melee: Unarmed           |   148 |    99 |   346 |   801 ||  1394
 Abil: Evoke Berserk Rag |       |     1 |     2 |     9 ||    12
       Evoke Invisibilit |       |       |       |     2 ||     2
       Turn Visible      |       |       |       |     1 ||     1
Evoke: Wand              |       |       |       |     8 ||     8
  Use: Scroll            |       |       |    18 |     9 ||    27
 Stab: Sleeping          |     1 |     1 |     1 |       ||     3
       Invisible         |       |       |       |     3 ||     3
       Paralysed         |       |       |       |     1 ||     1
  Eat: Chunk             |    16 |    17 |    41 |    72 ||   146

Notes
Turn   | Place    | Note
--------------------------------------------------------------
     0 | D:1      | Duffy the Troll Fighter began the quest for the Orb.
     0 | D:1      | Reached XP level 1. HP: 22/22 MP: 0/0
    92 | D:1      | Reached XP level 2. HP: 22/29 MP: 1/1
   180 | D:1      | Reached skill level 3 in Unarmed Combat
   614 | D:2      | Reached XP level 3. HP: 36/36 MP: 2/2
   936 | D:2      | Reached skill level 4 in Unarmed Combat
  1188 | D:2      | Reached XP level 4. HP: 44/44 MP: 3/3
  1540 | D:3      | Found an oddly glowing altar of Pakellas.
  1663 | D:3      | Found a faded altar to an unknown god.
  1706 | D:3      | Found an opulent altar of Gozag.
  1828 | D:3      | Found Zin's Purification Station.
  1833 | D:3      | Found a glowing silver altar of Zin.
  2102 | D:4      | Noticed an ogre
  2113 | D:4      | Killed an ogre
  2113 | D:4      | Reached skill level 5 in Unarmed Combat
  2113 | D:4      | Reached skill level 1 in Evocations
  2113 | D:4      | Reached XP level 5. HP: 5/50 MP: 4/4
  2521 | D:4      | Reached skill level 2 in Evocations
  2521 | D:4      | Reached XP level 6. HP: 59/59 MP: 6/6
  3496 | D:5      | Entered Level 5 of the Dungeon
  3496 | D:5      | Noticed Dowan
  3500 | D:5      | Noticed Duvessa
  3519 | D:5      | Killed Duvessa
  3519 | D:5      | Reached skill level 6 in Unarmed Combat
  3522 | D:5      | Killed Dowan
  3522 | D:5      | Reached skill level 3 in Evocations
  3522 | D:5      | Reached XP level 7. HP: 65/66 MP: 5/8
  3820 | D:5      | Reached skill level 7 in Unarmed Combat
  3849 | D:5      | Found a deep blue altar of Sif Muna.
  3983 | D:5      | Found a shattered altar of Ashenzari.
  3993 | D:5      | Found a stormy altar of Qazlal.
  4076 | D:5      | Reached skill level 4 in Evocations
  4194 | D:5      | Reached XP level 8. HP: 74/74 MP: 10/10
  4432 | D:6      | Found a staircase to the Ecumenical Temple.
  4453 | Temple   | Entered the Ecumenical Temple
  4882 | Temple   | Became a worshipper of Makhleb the Destroyer
  4959 | D:6      | Found a snail-covered altar of Cheibriados.
  5009 | D:6      | Reached skill level 8 in Unarmed Combat
  5090 | D:6      | Found a white marble altar of Elyvilon.
  5296 | D:6      | Reached skill level 5 in Evocations
  5403 | D:5      | Reached skill level 9 in Unarmed Combat
  5416 | D:6      | Reached XP level 9. HP: 80/80 MP: 12/12
  5420 | D:6      | Reached skill level 6 in Evocations
  5560 | D:6      | Noticed Blork the orc
  5565 | D:6      | Killed Blork the orc
  5600 | D:6      | Reached * piety under Makhleb
  6038 | D:7      | Reached skill level 10 in Unarmed Combat
  6197 | D:7      | Reached ** piety under Makhleb
  6766 | D:8      | Reached skill level 7 in Evocations
  6787 | D:8      | Found a staircase to the Lair.
  7077 | D:8      | Reached *** piety under Makhleb
  7124 | D:8      | Found a glowing golden altar of the Shining One.
  7181 | D:8      | Reached XP level 10. HP: 69/88 MP: 8/14
  7243 | D:8      | Reached skill level 11 in Unarmed Combat
  7625 | D:8      | Noticed a three-headed hydra
  7646 | D:8      | Killed an eight-headed hydra
  7646 | D:8      | Reached skill level 3 in Fighting
  7646 | D:8      | Reached skill level 3 in Dodging
  7883 | D:9      | Reached **** piety under Makhleb
  8043 | D:9      | Reached skill level 4 in Fighting
  8071 | D:9      | Found Benwutt's Armour Shoppe.
  8072 | D:9      | Found a staircase to the Orcish Mines.
  8082 | D:9      | Reached skill level 4 in Dodging
  8872 | D:9      | Bought the +2 cloak of Starlight {rElec rC+ EV+4 Stlth--} for 594 gold pieces
  8913 | D:10     | Entered Level 10 of the Dungeon
  8999 | D:10     | Noticed a hill giant
  9023 | D:10     | Killed a hill giant
  9118 | D:10     | Reached skill level 12 in Unarmed Combat
  9118 | D:10     | Reached XP level 11. HP: 101/101 MP: 13/15
  9181 | D:10     | Reached skill level 5 in Fighting
  9253 | D:10     | Reached skill level 5 in Dodging
  9280 | D:10     | Reached ***** piety under Makhleb
  9406 | D:10     | Noticed a hill giant
  9413 | D:10     | Killed a hill giant
  9732 | D:10     | Reached skill level 6 in Fighting
  9816 | Lair:1   | Entered Level 1 of the Lair of Beasts
  9854 | Lair:1   | Reached skill level 6 in Dodging
 10802 | Lair:2   | Reached skill level 7 in Fighting
 10944 | Lair:2   | Reached skill level 7 in Dodging
 11559 | Lair:2   | Reached XP level 12. HP: 119/119 MP: 13/16
 11775 | Lair:3   | Noticed Sonja
 11779 | Lair:3   | Killed Sonja
 11941 | Lair:3   | Reached ****** piety under Makhleb
 11941 | Lair:3   | Reached skill level 8 in Fighting
 12014 | Lair:3   | Reached skill level 8 in Dodging
 12318 | Lair:4   | Noticed Urug
 12333 | Lair:4   | Killed Urug
 12402 | Lair:4   | Found a dark tunnel.
 12423 | Volcano  | Entered a volcano
 12638 | Volcano  | Reached skill level 8 in Evocations
 12810 | Volcano  | Noticed a centaur warrior
 12822 | Volcano  | Killed a centaur warrior
 12858 | Volcano  | Found a burning altar of Makhleb.
 13027 | Lair:4   | Reached skill level 9 in Dodging
 13267 | Lair:4   | Noticed a four-headed hydra
 13282 | Lair:4   | Killed an 11-headed hydra
 14131 | Lair:5   | Noticed a seven-headed hydra
 14135 | Lair:5   | Succumbed to a spiny frog's poison

Vault maps used:
D:1:      minmay_arrival_four_houses, minmay_misc_feat_encased,
          minmay_misc_feat_plants
D:3:      nicolae_overflow_crystal_walls, lemuel_doored_altar, zin_purify,
          first_bread, ecumenical_altar_2
D:4:      corner_web_ring
D:5:      led_sif_pool, overflow_temple_1_default, grunt_qazlal_clouds,
          uniq_duvessa
D:6:      old_standard_altar, elyvilon_altar_1,
          minmay_temple_entry_statues_fountains, grunt_tough_drop,
          uniq_blork_the_orc
D:8:      nicolae_tso_besieged_by_evil, lair_0_dummy, hangedman_ranch
D:9:      orc_david_3
Temple:   minmay_temple_forest_path_12
Lair:3:   nicolae_spider_entry_tight_spaces, uniq_sonja
Lair:4:   enter_volcano_3, uniq_urug
Lair:5:   shoals_dummy_entry, small_statue_intersection, guppyfry_lair_drakes
Volcano:  volcano_grotto

Vanquished Creatures
  2 hydras
  A centaur warrior Urug Sonja
  2 hill giants
  A griffon
  2 black mambas
  5 elephants
  6 spiny frogs
  A yaktaur
  2 komodo dragons
  3 fire drakes
  2 trolls
  7 blink frogs
  A two-headed ogre
  2 wyverns
  2 redbacks
  9 wolves
  19 yaks
  6 fire bats
  A basilisk
  6 hippogriffs
  5 water moccasins
  5 porcupines
  4 sky beasts Duvessa
  3 ice beasts
  6 orc warriors
  2 black bears
  An eye of draining
  6 ogres
  3 phantoms
  4 big kobolds
  6 crocodiles
  5 centaurs
  13 giant frogs Blork the orc Dowan
  4 scorpions
  4 killer bees
  9 lava snakes
  9 crimson imps
  A giant frog zombie
  4 giant frog skeletons
  4 hounds
  A jelly
  5 orc priests
  11 orc wizards
  A quasit
  5 iguanas
  4 centaur skeletons
  7 worker ants
  A killer bee zombie
  7 sheep
  A hound skeleton
  A worker ant zombie
  4 gnolls
  6 adders
  26 river rats
  A shadow imp
  An adder skeleton
  An adder zombie
  An ooze
  A worm
  45 orcs
  13 bats
  8 hobgoblins
  7 jackals
  9 kobolds
  2 quokkas
  6 giant cockroaches
  5 giant geckos
  3 giant gecko skeletons
  9 giant newts
  7 goblins
  2 goblin skeletons
  2 goblin zombies
  2 hobgoblin zombies
  2 kobold zombies
  An orc skeleton
  2 orc zombies
  A quokka zombie
  10 rats
  3 fungi
  2 plants
409 creatures vanquished.
